 Dungeon Crawl Stone Soup version 0.22.1-1-ga44c0e5 (webtiles) character file.

116852 Lavandula the Severer (level 15, 0/122 (123) HPs)
             Began as a Centaur Berserker on Nov 4, 2018.
             Was a High Priest of Trog.
             Succumbed to Vashnia's splash of poison
             ... on level 2 of the Snake Pit.
             The game lasted 01:31:51 (13788 turns).

Lavandula the Severer (Centaur Berserker)          Turns: 13788, Time: 01:31:51

HP:   0/122 (123)   AC: 28    Str: 26    XL:     15   Next: 90%
MP:   21/21         EV: 12    Int:  4    God:    Trog [*****.]
Gold: 606           SH:  4    Dex: 15    Spells: 14/14 levels left

rFire    + . .     SeeInvis +   k - +8 battleaxe (freeze)
rCold    + . .     Gourm    .   (shield currently unavailable)
rNeg     . . .     Faith    .   M - +3 troll leather armour {Snorg}
rPois    .         Spirit   .   w - +2 helmet {SInv}
rElec    .         Reflect  +   p - scarf {rC+ rF+}
rCorr    .         Harm     .   K - +0 pair of gloves
MR       +....     Clarity  +   E - +4 centaur barding {Stlth+}
Stlth    ++........             j - +4 amulet of reflection
HPRegen  0.70/turn              l - +6 ring of dexterity
MPRegen  0.17/turn              e - +4 ring of protection

@: lethally poisoned (0 -> -12), berserk cooldown, very slightly contaminated,
slowed
A: large, hooves 3, iridescent scales 1, blink, clarity, deformed body, dopey 1,
speed 2, tough skin 3
}: 1/15 runes: barnacled
a: Blink, Berserk, Trog's Hand, Brothers in Arms, Renounce Religion


You were on level 2 of the Snake Pit.
You worshipped Trog.
Trog was extremely pleased with you.
You were not hungry.

You visited 5 branches of the dungeon, and saw 27 of its levels.
You also visited: Labyrinth and Bailey.

You collected 1924 gold pieces.
You spent 1318 gold pieces at shops.

Inventory:

Hand Weapons
 k - a +8 battleaxe of freezing (weapon)
 G - the +9 staff of Olgreb {rPois}
   (You found it in a bailey)

   It protects you from poison.
 N - a +4 spear of venom
 V - a +9 antimagic battleaxe
Missiles
 A - 3 throwing nets
 L - 52 javelins (quivered)
Armour
 p - a scarf of resistance (worn)
 w - a +2 helmet of see invisible (worn)
 z - a +2 scale mail of cold resistance
 E - a +4 centaur barding of stealth (worn)
 J - a +4 ring mail of magic resistance
 K - a +0 pair of gloves (worn)
 M - a +3 troll leather armour (worn) {Snorg}
 R - the +0 chain mail "Abrib" {rPois SInv}
   (You bought it in a shop on level 2 of the Orcish Mines)

   It protects you from poison.
   It lets you see invisible.
Jewellery
 e - a +4 ring of protection (right hand)
 j - a +4 amulet of reflection (around neck)
 l - a +6 ring of dexterity (left hand)
Wands
 b - a wand of scattershot (6)
 u - a wand of clouds (5)
 D - a wand of flame (92)
 O - a wand of enslavement (13)
 P - a wand of disintegration (7)
 U - a wand of paralysis (18)
 W - a wand of iceblast (26)
 Z - a wand of acid (5)
Scrolls
 a - 3 scrolls of fear
 f - a scroll of amnesia {unknown}
 g - 5 scrolls of teleportation
 h - 6 scrolls of remove curse
 q - 2 scrolls of immolation {unknown}
 t - a scroll of blinking
 y - 3 scrolls of magic mapping
 Q - 2 scrolls of summoning {unknown}
 T - a scroll of vulnerability
Potions
 d - 4 potions of cancellation
 i - 2 potions of berserk rage
 m - a potion of heal wounds
 n - a potion of haste
 o - 5 potions of mutation
 r - 7 potions of curing
 v - a potion of ambrosia {unknown}
 x - 3 potions of might
 B - 5 potions of brilliance
 C - 3 potions of lignification
 F - a potion of magic {unknown}
 H - 2 potions of flight {unknown}
 I - 4 potions of agility
 Y - a potion of resistance {unknown}
Miscellaneous
 S - a lamp of fire
 X - a phantom mirror
Comestibles
 c - 17 rations


   Skills:
 + Level 8.8 Fighting
 - Level 20.0 Axes
 - Level 4.5 Armour
 - Level 8.0 Dodging
 - Level 9.0 Evocations


You had 14 spell levels left.
You didn't know any spells.
Your spell library contained the following spells:

 Spells                   Type           Power        Failure   Level  Hunger
 Confusing Touch          Hex            #.....       54%         1    ##.....
 Freeze                   Ice            #...         54%         1    ##.....
 Sting                    Conj/Pois      #...         54%         1    ##.....
 Searing Ray              Conj           #.....       67%         2    ###....
 Throw Frost              Conj/Ice       #.....       67%         2    ###....
 Confuse                  Hex            #.......     88%         3    ####...
 Dazzling Spray           Conj/Hex       #.....       88%         3    ####...
 Gell's Gravitas          Tloc           #.........   88%         3    ####...
 Ozocubu's Armour         Chrm/Ice       #.......     88%         3    ####...
 Petrify                  Tmut/Erth      #.......     99%         4    #####..
 Summon Ice Beast         Ice/Summ       #.......     99%         4    #####..
 Throw Icicle             Conj/Ice       #.......     99%         4    #####..
 Irradiate                Conj/Tmut      #.........   100%        5    ######.
 Iskenderun's Battlesphe  Conj/Chrm      #.......     100%        5    ######.
 Metabolic Englaciation   Hex/Ice        #.........   100%        5    ######.
 Yara's Violent Unravell  Hex/Tmut       #.........   100%        5    ######.
 Malign Gateway           Summ/Tloc      #.........   100%        7    #######
 Monstrous Menagerie      Summ           #.........   100%        7    #######
 Summon Greater Demon     Summ           #.........   100%        7    #######
 Summon Horrible Things   Summ           #.........   100%        8    #######


Dungeon Overview and Level Annotations

Branches:
Dungeon (13/15)            Temple (0/1) D:6            Lair (6/6) D:9
 Shoals (4/4) Lair:3        Snake (2/4) Lair:3        Slime (0/5) Lair:5
    Orc (2/2) D:9             Elf (0/3) Orc:2
 Vaults: D:13-14

Altars:
Elyvilon
Gozag
Hepliaklqana
Kikubaaqudgha
Makhleb
Sif Muna
Vehumet
Xom
The Shining One
Beogh
Jiyva

Shops:
D:12 :[%   Orc:2 [*:(

Portals:
Hell: Lair:6

Annotations:
Lair:4 Kirke
Snake:2 Vashnia
Orc:1 2 runed doors, exclusion: orange crystal statue


Innate Abilities, Weirdness & Mutations

You have hooves in place of feet.
Armour fits poorly on your strangely shaped body.
You cover ground very quickly.
You have extremely tough skin. (AC +3)
You are partially covered in iridescent scales. (AC +2)
You can translocate small distances at will.
You possess an exceptional clarity of mind.
You are dopey. (Int -2)


Message History

The naga sharpshooter magically shoots a bolt.
The bolt hits you but does no damage.
The naga sharpshooter spits poison at you.
The splash of poison misses you.
Vashnia blinks!
The naga sharpshooter mumbles some strange words.
The naga sharpshooter magically shoots a bolt.
The bolt hits you!
* * * LOW HITPOINT WARNING * * *
The naga sharpshooter shoots an arrow.
You reflect the arrow off an invisible shield around you!
The arrow barely misses the naga sharpshooter.
Vashnia spits poison at you. The splash of poison hits you!
You are more poisoned.
* * * LOW HITPOINT WARNING * * *
Unknown command.
Blink to where?
Press: ? - help, Dir - move target cursor
As you read the scroll of blinking, it crumbles to dust.
You die...

#...........)..... #
#.......ยง...[..... ##.
##......=..........
...#
#...........?)...#.
#..##...............###
#.................##
##............##..##
#...........#####..#
#.@......# #..##
#......... #.###
##...........
#....###.### ###.## #
.. ###


There were no monsters in sight!

Vanquished Creatures
  Rupert (Lair:3)
  Ilsuiw (Shoals:3)
  2 orc warlords
  Louise (Shoals:2)
  2 merfolk javelineers (Shoals:4)
  Snorg (D:11)
  An ettin (Orc:2)
  2 merfolk impalers
  3 hydras
  Harold (Lair:2)
  A merfolk avatar (Shoals:4)
  A naga warrior (Snake:2)
  2 anacondas (Snake:1)
  2 merfolk aquamancers (Shoals:4)
  An alligator snapping turtle (Shoals:4)
  5 naga sharpshooters
  2 satyrs (Shoals:4)
  Urug (Orc:1)
  A shock serpent (Snake:1)
  2 orc high priests
  Nergalle (Orc:2)
  A sun demon (Lair:6)
  4 sea snakes
  A naga ritualist (Snake:1)
  A wizard (Lair:6)
  7 orc knights
  9 harpies
  3 orc sorcerers
  2 mana vipers (Snake:2)
  An ugly thing (D:11)
  11 manticores
  14 fauns
  2 salamanders
  4 cyclopes
  9 merfolk sirens
  10 black mambas
  2 water nymphs
  3 naga magi (Snake:2)
  An orange demon (Lair:6)
  3 torpor snails
  13 spiny frogs
  2 kobold demonologists (Bailey)
  4 rime drakes
  7 komodo dragons
  A hellwing (Lair:6)
  4 ice devils (Lair:6)
  9 trolls
  6 wind drakes
  8 merfolk
  3 polar bears
  7 dream sheep
  7 hippogriffs
  2 meliai zombies
  4 snapping turtles
  8 blink frogs
  7 water elementals
  A wyvern (Lair:6)
  A wraith (D:11)
  A hog (Lair:4)
  32 yaks
  4 basilisks (Lab)
  A steam dragon (D:10)
  A hungry ghost (D:7)
  6 wargs
  10 nagas
  9 water moccasins
  4 hell hounds (Lair:6)
  3 porcupines
  43 orc warriors
  A phantom (D:6)
  3 sky beasts
  2 necrophages
  9 ogres
  4 ice beasts
  A black bear (D:11)
  9 wolves
  9 centaurs
  3 crocodiles (Lair:2)
  2 big kobolds (D:11)
  Blork the orc (Orc:2)
  8 bullfrogs
  A wyvern zombie (D:9)
  An earth elemental (Lab)
  3 scorpions
  A water moccasin skeleton (D:4)
  12 killer bees
  3 wights (D:8)
  4 howler monkeys
  2 electric eels
  2 vampire bats (D:8)
  4 crimson imps
  2 bullfrog zombies (D:10)
  A quasit (D:9)
  2 jellies
  18 orc wizards
  19 orc priests
  5 hounds
  2 centaur skeletons
  3 bullfrog skeletons
  Terence (D:3)
  2 iguanas
  2 worker ants
  An ogre skeleton (Lab)
  2 hound zombies
  A worker ant zombie (D:3)
  19 gnolls
  A howler monkey skeleton (D:7)
  6 adders
  2 shadow imps (D:7)
  An adder zombie (D:5)
  An ooze (D:3)
  2 adder skeletons
  2 worms (D:6)
  2 dart slugs
  8 leopard geckos
  67 orcs
  4 bat skeletons (D:8)
  2 bat zombies (D:8)
  A giant cockroach (D:3)
  14 goblins
  14 hobgoblins
  9 jackals
  2 quokkas
  4 bats
  10 frilled lizards
  7 kobolds
  A leopard gecko skeleton (D:4)
  6 rats
  2 fungi (Lair:2)
  4 plants
667 creatures vanquished.

Vanquished Creatures (collateral kills)
  A minotaur (Lab)
  A merfolk impaler (Shoals:4)
  A hydra (D:12)
  2 merfolk avatars (Shoals:4)
  A satyr (Shoals:4)
  A harpy (Shoals:4)
  A wind drake (Shoals:4)
  An orc priest (Orc:1)
  A gnoll (Orc:1)
  An orc (Orc:1)
11 creatures vanquished.

Vanquished Creatures (others)
  A harpy (Shoals:4)
  An orc wizard (Orc:1)
  An orc (Orc:1)
  A goblin (D:3)
  5 fungi (Lair:6)
  16 plants
25 creatures vanquished.

Grand Total: 703 creatures vanquished

Notes
Turn   | Place    | Note
-------+----------+-------------------------------------------
     0 | D:1      | Lavandula the Centaur Berserker began the quest for the
                  | Orb.
     0 | D:1      | Reached XP level 1. HP: 19/19 MP: 1/1
    90 | D:2      | Reached skill level 3 in Axes
   182 | D:2      | Reached XP level 2. HP: 13/26 MP: 2/2
   187 | D:2      | Found a hazy altar of Hepliaklqana.
   375 | D:2      | Found a faded altar of an unknown god.
   592 | D:3      | Reached XP level 3. HP: 29/31 MP: 3/3
   622 | D:3      | Reached ** piety under Trog
   626 | D:3      | Reached skill level 4 in Axes
   626 | D:3      | Reached XP level 4. HP: 33/38 MP: 4/4
   684 | D:3      | Noticed Terence
   689 | D:3      | Killed Terence
   689 | D:3      | Reached skill level 5 in Axes
   763 | D:4      | Reached XP level 5. HP: 45/45 MP: 5/5
   931 | D:4      | Reached skill level 6 in Axes
   980 | D:4      | Reached XP level 6. HP: 48/51 MP: 6/6
  1038 | D:5      | Entered Level 5 of the Dungeon
  1329 | D:4      | Reached skill level 7 in Axes
  1443 | D:5      | Noticed an ice beast
  1450 | D:5      | Killed an ice beast
  1450 | D:5      | Reached XP level 7. HP: 27/57 MP: 7/7
  1590 | D:5      | Found a radiant altar of Vehumet.
  1951 | D:6      | Reached skill level 8 in Axes
  2219 | D:6      | Reached skill level 9 in Axes
  2219 | D:6      | Reached XP level 8. HP: 61/63 MP: 8/8
  2275 | D:6      | Reached *** piety under Trog
  2424 | D:6      | Found a deep blue altar of Sif Muna.
  2606 | D:6      | Reached skill level 10 in Axes
  2773 | D:6      | Found a staircase to the Ecumenical Temple.
  2913 | D:8      | Found a flagged portal.
  2916 | D:8      | Noticed a hippogriff
  2928 | D:8      | Killed a hippogriff
  3008 | D:8      | Reached skill level 11 in Axes
  3008 | D:8      | Reached XP level 9. HP: 69/69 MP: 9/9
  3015 | D:8      | Reached **** piety under Trog
  3056 | Bailey   | Entered a bailey
  3114 | Bailey   | Found an iron altar of Okawaru.
  3114 | Bailey   | Noticed a kobold demonologist
  3114 | Bailey   | Noticed a kobold demonologist
  3144 | Bailey   | Killed a kobold demonologist
  3179 | Bailey   | Killed a kobold demonologist
  3239 | Bailey   | Reached skill level 12 in Axes
  3438 | Bailey   | Found the +9 staff of Olgreb {rPois}
  3540 | Bailey   | Noticed an orc knight
  3567 | Bailey   | Killed an orc knight
  3573 | Bailey   | Reached skill level 13 in Axes
  3756 | D:7      | Reached XP level 10. HP: 77/77 MP: 10/10
  3779 | D:7      | Found a glowing golden altar of the Shining One.
  3880 | D:7      | Found a white marble altar of Elyvilon.
  4128 | D:8      | Reached ***** piety under Trog
  4131 | D:8      | Found an ancient bone altar of Kikubaaqudgha.
  4261 | D:10     | Entered Level 10 of the Dungeon
  4454 | D:10     | Reached skill level 14 in Axes
  5028 | D:11     | Noticed a cyclops
  5039 | D:11     | Killed a cyclops
  5070 | D:11     | Received a gift from Trog
  5071 | D:11     | Noticed Snorg
  5075 | D:11     | Reached skill level 15 in Axes
  5075 | D:11     | Reached XP level 11. HP: 81/81 MP: 11/11
  5127 | D:11     | Noticed a six-headed hydra
  5164 | D:11     | Killed Snorg
  5329 | D:11     | Got a dazzling mace
  5419 | D:12     | Found Xucuvo's Armour Boutique.
  5519 | D:12     | Found Liech's Book Shoppe.
  5568 | D:13     | Noticed a tengu warrior
  5589 | D:12     | Noticed an eight-headed hydra
  5599 | D:12     | Killed a ten-headed hydra
  5664 | D:12     | Found Kuisag's Food Shop.
  6038 | D:11     | Identified the +2 mace of Punishment {venom, Int+6} (You
                  | found it on level 11 of the Dungeon)
  6120 | D:11     | Noticed a brown ugly thing
  6134 | D:11     | Killed a brown ugly thing
  6248 | D:10     | Reached skill level 16 in Axes
  6374 | D:9      | Found a shimmering altar of Xom.
  6375 | D:9      | Found a shimmering altar of Xom.
  6377 | D:9      | Found a shimmering altar of Xom.
  6378 | D:9      | Found a shimmering altar of Xom.
  6379 | D:9      | Found a shimmering altar of Xom.
  6379 | D:9      | Found a shimmering altar of Xom.
  6393 | D:9      | Found a shimmering altar of Xom.
  6595 | D:9      | Noticed a two-headed ogre
  6599 | D:9      | Found a staircase to the Lair.
  6747 | D:9      | Reached skill level 1 in Evocations
  6801 | D:9      | Found a staircase to the Orcish Mines.
  6852 | Orc:1    | Entered Level 1 of the Orcish Mines
  6873 | Orc:1    | Found a runed door.
  6890 | Orc:1    | Noticed an orc high priest
  6975 | Orc:1    | Killed an orc high priest
  7052 | Orc:1    | Found a runed door.
  7093 | Orc:1    | Noticed Urug
  7108 | Orc:1    | Killed Urug
  7108 | Orc:1    | Reached skill level 5 in Evocations
  7125 | Orc:1    | Noticed a sun demon
  7235 | Orc:1    | Noticed an orange crystal statue
  7237 | Orc:1    | Found the +10 large shield of Ignorance {rN+ Int-4}
  7338 | Orc:2    | Entered Level 2 of the Orcish Mines
  7368 | Orc:2    | Noticed an orc knight
  7378 | Orc:1    | Reached XP level 12. HP: 50/88 MP: 12/16
  7696 | Orc:1    | Noticed an orc warlord
  7876 | Orc:1    | Killed an orc warlord
  8009 | Orc:2    | Noticed an ettin
  8166 | Orc:2    | Noticed Blork the orc
  8209 | Orc:2    | Killed Blork the orc
  8270 | Orc:2    | Noticed Nergalle
  8394 | Orc:2    | Noticed an orc high priest
  8415 | Orc:2    | Killed an ettin
  8415 | Orc:2    | Reached skill level 5 in Fighting
  8499 | Orc:2    | Noticed an orc warlord
  8534 | Orc:2    | Killed an orc warlord
  8672 | Orc:2    | Killed an orc high priest
  8799 | Orc:2    | Found a roughly hewn altar of Beogh.
  8809 | Orc:2    | Killed Nergalle
  8809 | Orc:2    | Reached XP level 13. HP: 64/100 MP: 13/19
  8811 | Orc:2    | Found Optuoh's General Store.
  8818 | Orc:2    | Bought a potion of heal wounds for 80 gold pieces
  8818 | Orc:2    | Bought a scroll of magic mapping for 56 gold pieces
  8845 | Orc:2    | Found Qulewo's Antique Weapon Boutique.
  8860 | Orc:2    | Found Isiv's Book Boutique.
  8876 | Orc:2    | Found Rahicuclogg's Antique Armour Boutique.
  8883 | Orc:2    | Bought a glowing scarf for 248 gold pieces
  8883 | Orc:2    | Bought a shimmering chain mail for 294 gold pieces
  8898 | Orc:2    | Identified the cursed +0 chain mail "Abrib" {rPois SInv}
                  | (You bought it in a shop on level 2 of the Orcish Mines)
  8937 | Orc:2    | Found a staircase to the Elven Halls.
  9019 | Orc:2    | Bought a lamp of fire for 640 gold pieces
  9060 | Orc:1    | Received a gift from Trog
  9233 | Lair:1   | Entered Level 1 of the Lair of Beasts
  9238 | Lair:1   | Gained mutation: You are partially covered in iridescent
                  | scales. (AC +2) [potion of mutation]
  9238 | Lair:1   | Gained mutation: You are dopey. (Int -2) [potion of
                  | mutation]
  9238 | Lair:1   | Gained mutation: You can translocate small distances at
                  | will. [potion of mutation]
  9238 | Lair:1   | Gained mutation: You possess an exceptional clarity of
                  | mind. [potion of mutation]
  9265 | Lair:1   | Reached skill level 17 in Axes
  9440 | Lair:3   | Noticed Rupert
  9454 | Lair:3   | Killed Rupert
  9716 | Lair:2   | Noticed Harold
  9725 | Lair:2   | Killed Harold
  9843 | Lair:3   | Received a gift from Trog
  9903 | Lair:4   | Reached skill level 18 in Axes
  9906 | Lair:4   | Noticed Kirke
 10001 | Lair:5   | Found a labyrinth entrance.
 10012 | Lab      | Entered a labyrinth
 10149 | Lab      | Noticed a minotaur
 10156 | Lab      | Killed a minotaur
 10177 | Lab      | Identified the Incunabulum of Confrontation
 10212 | Lair:6   | Entered Level 6 of the Lair of Beasts
 10225 | Lair:6   | Found an opulent altar of Gozag.
 10477 | Lair:6   | Reached XP level 14. HP: 82/106 MP: 20/20
 10513 | Lair:6   | Reached skill level 19 in Axes
 10644 | Lair:6   | Found a burning altar of Makhleb.
 10664 | Lair:6   | Found a gateway to Hell.
 10811 | Lair:5   | Found a viscous altar of Jiyva.
 10812 | Lair:5   | Found a staircase to the Slime Pits.
 10921 | Lair:3   | Found a staircase to the Snake Pit.
 11093 | Lair:3   | Found a staircase to the Shoals.
 11119 | Shoals:1 | Entered Level 1 of the Shoals
 11185 | Shoals:1 | Received a gift from Trog
 11326 | Shoals:2 | Reached skill level 20 in Axes
 11394 | Shoals:2 | Noticed Louise
 11419 | Shoals:2 | Killed Louise
 11608 | Shoals:3 | Noticed Ilsuiw
 11625 | Shoals:3 | Killed Ilsuiw
 11625 | Shoals:3 | Reached skill level 5 in Dodging
 11890 | Shoals:3 | Reached XP level 15. HP: 54/112 MP: 21/21
 11980 | Shoals:4 | Entered Level 4 of the Shoals
 12136 | Shoals:4 | Received a gift from Trog
 12730 | Shoals:4 | Got a barnacled rune of Zot
 12993 | Snake:1  | Entered Level 1 of the Snake Pit
 13735 | Snake:2  | Noticed Vashnia
 13787 | Snake:2  | HP: 4/122 [naga sharpshooter/bolt[Vashnia] (8)]
 13788 | Snake:2  | Succumbed to Vashnia's splash of poison

Skill      XL: |  1  2  3  4  5  6  7  8  9 10 11 12 13 14 15 |
---------------+----------------------------------------------+-----
Axes           | 3 4 5 6 7 9 11 13 15 16 18 20 | 20.0
Evocations     | 5 9 |  9.0
Fighting       | 5 8 |  8.8
Dodging        | 5 8 |  8.0
Armour         | 4 |  4.5

Action                   |  1- 3 |  4- 6 |  7- 9 | 10-12 | 13-15 || total
-------------------------+-------+-------+-------+-------+-------++-------
Melee: Hand axe          |    52 |    93 |    73 |       |       ||   218
       Kick              |    13 |    28 |    66 |   203 |   283 ||   593
       War axe           |       |       |   205 |       |       ||   205
       Broad axe         |       |       |     2 |   465 |       ||   467
       Staff             |       |       |       |     7 |       ||     7
       Mace              |       |       |       |     1 |       ||     1
       Battleaxe         |       |       |       |    30 |   677 ||   707
 Fire: Hunting sling     |       |     7 |     3 |       |       ||    10
Throw: Javelin           |       |       |     8 |    18 |     6 ||    32
       Tomahawk          |       |       |     1 |    17 |       ||    18
Invok: Berserk           |     2 |     5 |    16 |    16 |    11 ||    50
       Trog's Hand       |       |     1 |     6 |    10 |    22 ||    39
       Brothers in Arms  |       |       |       |     3 |     3 ||     6
Evoke: Wand              |       |       |     8 |    15 |    12 ||    35
       Staff of Olgreb   |       |       |       |    53 |       ||    53
       Lamp of fire      |       |       |       |       |     4 ||     4
  Use: Scroll            |       |     1 |    16 |     6 |    14 ||    37
       Potion            |       |     1 |       |       |     1 ||     2
 Stab: Sleeping          |       |       |       |     3 |     5 ||     8
       Distracted        |       |       |       |     1 |     3 ||     4
       Paralysed         |       |       |       |       |     5 ||     5
  Eat: Chunk             |       |     7 |    17 |    22 |    28 ||    74
       Ration            |       |       |     2 |     5 |     2 ||     9
Armor: Animal skin       |     5 |       |       |       |       ||     5
       Ring mail         |     8 |    20 |    56 |   252 |     5 ||   341
       Leather armour    |       |       |     4 |       |       ||     4
       Troll leather arm |       |       |       |    10 |   255 ||   265
       Chain mail        |       |       |       |       |    35 ||    35
Dodge: Dodged            |    18 |    38 |    89 |   136 |   224 ||   505
Block: Other             |       |    20 |    37 |    64 |    78 ||   199
       Reflection        |       |     1 |     2 |     6 |    10 ||    19
